 Dungeon Crawl Stone Soup version 0.30.0-10-gfe55d96785 (webtiles) character file.

Game seed: 18186378457641278870

6044 qw the Cleaver (level 10, -9/64 HPs)
             Began as a Gargoyle Cinder Acolyte on May 16, 2023.
             Was an Initiate of Okawaru.
             Killed by divine providence
             ... invoked by an orc priest
              (12 damage)
             ... on level 9 of the Dungeon.
             The game lasted 00:06:36 (10676 turns).

qw the Cleaver (Gargoyle Cinder Acolyte)           Turns: 10676, Time: 00:06:36

Health: -9/64      AC: 21    Str: 28    XL:     10   Next: 87%
Magic:  11/11      EV:  8    Int: 15    God:    Okawaru [......]
Gold:   173        SH:  9    Dex:  5    Spells: 11/11 levels left

rFire   . . .        Y - +0 war axe
rCold   . . .        q - +0 kite shield
rNeg    + . .        s - +0 chain mail
rPois   inf          f - +0 helmet
rElec   +            p - +0 cloak
rCorr   .            e - +0 pair of gloves
SInv    .            d - +0 pair of boots
Will    .....        (no amulet) Stlth
                     h - +6 ring of strength
HPRegen 0.30/turn    m - +4 ring of slaying {mikee}
MPRegen 0.12/turn

%: no passive effects
@: fire susceptible
A: sickness immunity, AC +7, negative energy resistance 1, electricity
resistance, torment resistance 1, petrification resistance
a: Renounce Religion


You were on level 9 of the Dungeon.
You worshipped Okawaru.
Okawaru was noncommittal.
You visited 2 branches of the dungeon, and saw 10 of its levels.

You collected 563 gold pieces.
You spent 390 gold pieces at shops.


Innate Abilities, Weirdness & Mutations

You are immune to sickness and miasma.
Your stone body is resilient. (AC +7)
You are immune to poison.
You resist negative energy. (rN+)
You are resistant to electric shocks. (rElec)
You are resistant to unholy torment.
You are immune to petrification.


   Skills:
 - Level 8.1 Fighting
 - Level 10.3 Axes
 - Level 1.0 Throwing
 - Level 5.0 Armour
 - Level 1.1 Dodging
 + Level 8.6 Shields
 - Level 1.0 Spellcasting
 - Level 3.0 Fire Magic
 - Level 2.0 Invocations


You had 11 spell levels left.
You didn't know any spells.
Your spell library contained the following spells:

 Spells                   Type           Power      Damage    Failure   Level
 Scorch                   Fire           18%        2d5       61%         2

Inventory:

Hand Weapons
 c - a -1 hand axe of flaming
 Y - a +0 war axe (weapon)
Missiles
 i - 6 boomerangs (quivered)
Armour
 d - a +0 pair of boots (worn)
 e - a +0 pair of gloves (worn)
 f - a +0 helmet (worn)
 p - a +0 cloak (worn)
 q - a +0 kite shield (worn)
 s - a +0 chain mail (worn)
 v - a +0 plate armour
Jewellery
 h - a +6 ring of strength (left hand)
 m - a +4 ring of slaying (right hand) {mikee}
Wands
 l - a wand of digging (5)
Scrolls
 b - a scroll of identify
 o - 4 scrolls of teleportation
 u - a scroll of magic mapping {unknown}
Potions
 a - 2 potions of might
 g - a potion of mutation
 j - 6 potions of curing
 k - 2 potions of haste
 n - a potion of resistance {unknown}
 r - a potion of cancellation {unknown}
 t - 3 potions of heal wounds

Dungeon Overview and Level Annotations

Branches:
Dungeon (9/15)             Temple (1/1) D:7            Lair (0/5) D:9
    Orc: D:9-12

Altars:
Ashenzari
Cheibriados
Dithmenos
Elyvilon
Fedhas
Gozag
Hepliaklqana
Kikubaaqudgha
Makhleb
Nemelex Xobeh
Okawaru
Qazlal
Ru
Sif Muna
Trog
Uskayaw
Vehumet
Wu Jian
Zin
The Shining One
Lugonu

Shops:
D:4 :   D:6 (   D:7 :   D:9 !

Portals:
Abyss: D:8


Message History

Things that are here:
a +0 club; a +0 animal skin; an orc corpse
Found a club.
An orc comes into view. It is wielding a +0 morningstar.
Found a potion of degeneration.
The orc shouts!
An orc priest comes into view. It is wielding a +0 trident.
You throw a boomerang. The boomerang closely misses the orc.
The orc priest shouts!
You throw a boomerang. The boomerang hits the orc!
You kill the orc!
Okawaru accepts your kill.
You throw a boomerang.
The boomerang barely misses the orc priest.
Ignis wails with rage, and rains down burning fury! 3 fire elementals come into view.
You slash the fire elemental!
The fire elemental is moderately damaged.
An orc warrior comes into view. It is wielding a +0 dire flail.
You hit the fire elemental.
The fire elemental is heavily damaged.
The orc priest barely misses you. You block the fire elemental's attack.
You hit the fire elemental.
The fire elemental is heavily damaged.
You closely miss the fire elemental.
The orc priest hits you from afar with a +0 trident.
The fire elemental hits you. The fire elemental burns you!
The fire elemental hits you. The fire elemental burns you!
The orc priest barely misses you.
You closely miss the fire elemental.
The fire elemental is heavily damaged.
You slash the fire elemental! You hit the fire elemental.
The fire elemental hits you. The fire elemental burns you!
The fire elemental hits you. The fire elemental burns you!
The fire elemental hits you. The fire elemental burns you!
The fire elemental closely misses you. You block the fire elemental's attack.
The fire elemental hits you. The fire elemental burns you!
The orc priest calls down the wrath of Beogh upon you.
Beogh smites you!
You die...

#####################
....................#
....ooE@............#
...).0EE.##......[.)####
.....0.0.......).))))..#
.................#.)##.#
!.)..............#..##.#
.........../........##.#
######################..
##. ##.#######


You could see 3 fire elementals, an orc warrior and an orc priest.

Vanquished Creatures
  Maurice (D:8)
  2 trolls (D:7)
  Grinder (D:3)
  Prince Ribbit (D:8)
  2 wyverns
  5 yaks (D:9)
  Grum (D:8)
  An acid dragon (D:9)
  2 sky beasts
  A black bear (D:6)
  2 orc warriors
  3 ice beasts (D:6)
  A wolf (D:8)
  An ogre (D:9)
  3 centaurs
  2 kobold brigands (D:8)
  Blork the orc (D:4)
  A gnoll sergeant (D:5)
  5 scorpions
  5 bullfrogs
  4 wights (D:6)
  4 killer bees (D:9)
  A howler monkey (D:5)
  13 orc priests
  7 hounds
  2 iguanas
  10 orc wizards
  10 adders
  12 gnolls
  5 dart slugs
  A worm (D:5)
  45 orcs
  10 endoplasms
  A giant cockroach (D:3)
  8 goblins
  11 hobgoblins
  9 jackals (D:1)
  6 quokkas
  6 ball pythons
  11 bats
  5 frilled lizards
  17 kobolds
  6 rats
  A lurking horror (D:8)
246 creatures vanquished.

Vanquished Creatures (others)
  An orc wizard (D:3)
1 creature vanquished.

Grand Total: 247 creatures vanquished

Notes
Turn   | Place    | Note
-------+----------+-------------------------------------------
     0 | D:1      | qw the Gargoyle Cinder Acolyte began the quest for the Orb.
     0 | D:1      | Reached XP level 1. HP: 14/14 MP: 2/2
     0 | D:1      | 0 ||| qw: Version: 0.2-a-94-g6f95ed7
     0 | D:1      | 0 ||| qw: Game counter: 38
     0 | D:1      | 0 ||| qw: Always use a shield: true
     0 | D:1      | 0 ||| qw: God list: Okawaru
     0 | D:1      | 0 ||| qw: Allow faded altars: false
     0 | D:1      | 0 ||| qw: Do Orc after D:15 true
     0 | D:1      | 0 ||| qw: Do second Lair branch before Depths: true
     0 | D:1      | 0 ||| qw: Lair rune preference: random
     0 | D:1      | 0 ||| qw: Plans: Normal
     0 | D:1      | 0 ||| PLANNING D:1-11
    22 | D:1      | 22 ||| Stepping ~*~*~tactically~*~*~ (hiding).
    23 | D:1      | 23 ||| Stepping ~*~*~tactically~*~*~ (hiding).
    25 | D:1      | 25 ||| Stepping ~*~*~tactically~*~*~ (hiding).
    61 | D:1      | Reached skill level 3 in Axes
    78 | D:1      | Reached XP level 2. HP: 11/19 MP: 3/3
   181 | D:1      | 181 ||| INVOKING Fiery Armour.
   249 | D:1      | 249 ||| Stepping ~*~*~tactically~*~*~ (stealth).
   400 | D:1      | 400 ||| UPGRADING to +0 pair of boots.
   460 | D:1      | 460 ||| UPGRADING to +0 leather armour.
   473 | D:1      | 473 ||| INVOKING Fiery Armour.
   474 | D:1      | HP: 4/19 [hobgoblin/+0 mace (2)]
   489 | D:1      | 489 ||| Stepping ~*~*~tactically~*~*~ (hiding).
   491 | D:1      | 491 ||| Stepping ~*~*~tactically~*~*~ (hiding).
   524 | D:1      | 524 ||| Stepping ~*~*~tactically~*~*~ (stealth).
   538 | D:1      | 538 ||| DROPPING +0 robe.
   592 | D:1      | Reached XP level 3. HP: 23/23 MP: 4/4
   638 | D:1      | 638 ||| Stepping ~*~*~tactically~*~*~ (hiding).
   759 | D:1      | 759 ||| Stepping ~*~*~tactically~*~*~ (stealth).
   764 | D:1      | 764 ||| Stepping ~*~*~tactically~*~*~ (stealth).
   789 | D:1      | 789 ||| Stepping ~*~*~tactically~*~*~ (stealth).
   828 | D:1      | 828 ||| Stepping ~*~*~tactically~*~*~ (stealth).
   951 | D:1      | Reached skill level 4 in Axes
  1039 | D:1      | 1039 ||| Stepping ~*~*~tactically~*~*~ (stealth).
  1041 | D:1      | 1041 ||| Stepping ~*~*~tactically~*~*~ (stealth).
  1316 | D:1      | 1316 ||| READING scroll labelled GAIDYVV LOLE.
  1317 | D:1      | 1317 ||| READING scroll labelled GEANIL GETO.
  1321 | D:1      | 1321 ||| READING scroll labelled JEJOMN OHOLU.
  1449 | D:2      | Reached XP level 4. HP: 28/28 MP: 5/5
  1852 | D:2      | Reached skill level 5 in Axes
  1874 | D:2      | 1874 ||| Stepping ~*~*~tactically~*~*~ (stealth).
  1885 | D:2      | Reached XP level 5. HP: 32/32 MP: 6/6
  1896 | D:2      | 1896 ||| Stepping ~*~*~tactically~*~*~ (stealth).
  2064 | D:2      | Reached skill level 1 in Armour
  2188 | D:2      | 2188 ||| UPGRADING to +0 ring mail.
  2198 | D:2      | 2198 ||| DROPPING +0 leather armour.
  2199 | D:2      | 2199 ||| READING 2 scrolls of identify.
  2199 | D:2      | 2199 ||| IDENTIFYING fizzy red potion
  2256 | D:3      | 2256 ||| Stepping ~*~*~tactically~*~*~ (hiding).
  2271 | D:3      | 2271 ||| Stepping ~*~*~tactically~*~*~ (stealth).
  2281 | D:3      | 2281 ||| Stepping ~*~*~tactically~*~*~ (stealth).
  2379 | D:3      | Found a faded altar of an unknown god.
  2471 | D:3      | 2471 ||| Stepping ~*~*~tactically~*~*~ (stealth).
  2474 | D:3      | 2474 ||| Stepping ~*~*~tactically~*~*~ (stealth).
  2476 | D:3      | 2476 ||| INVOKING Fiery Armour.
  2524 | D:3      | 2524 ||| Stepping ~*~*~tactically~*~*~ (stealth).
  2610 | D:3      | 2610 ||| INVOKING Fiery Armour.
  2775 | D:3      | 2775 ||| INVOKING Fiery Armour.
  2862 | D:3      | 2862 ||| DRINKING potion of curing.
  2862 | D:3      | 2862 ||| (to cure confusion)
  2871 | D:3      | 2871 ||| INVOKING Fiery Armour.
  3182 | D:3      | 3182 ||| PLANNING D:1-11
  3182 | D:3      | 3182 ||| UPGRADING to +0 helmet.
  3187 | D:3      | 3187 ||| UPGRADING to +6 ring of strength.
  3221 | D:3      | 3221 ||| Stepping ~*~*~tactically~*~*~ (stealth).
  3222 | D:3      | 3222 ||| Stepping ~*~*~tactically~*~*~ (stealth).
  3233 | D:3      | 3233 ||| Stepping ~*~*~tactically~*~*~ (stealth).
  3243 | D:3      | Noticed Grinder
  3254 | D:3      | Paralysed by Grinder for 4 turns
  3261 | D:3      | Paralysed by Grinder for 4 turns
  3267 | D:3      | 3267 ||| INVOKING Fiery Armour.
  3267 | D:3      | HP: 8/33 [Grinder (7)]
  3268 | D:3      | 3268 ||| READING scroll of teleportation.
  3268 | D:3      | HP: 1/33 [Grinder (3)]
  3411 | D:3      | 3411 ||| Stepping ~*~*~tactically~*~*~ (stealth).
  3421 | D:3      | 3421 ||| Stepping ~*~*~tactically~*~*~ (stealth).
  3427 | D:3      | 3427 ||| Stepping ~*~*~tactically~*~*~ (stealth).
  3432 | D:3      | 3432 ||| INVOKING Fiery Armour.
  3433 | D:3      | Killed Grinder
  3434 | D:3      | Reached skill level 6 in Axes
  3434 | D:3      | Reached XP level 6. HP: 16/38 MP: 7/7
  3888 | D:3      | 3888 ||| UPGRADING to +0 scale mail.
  3898 | D:3      | 3898 ||| DROPPING +0 ring mail.
  3899 | D:3      | 3899 ||| READING scroll labelled COCODO DETHA.
  3901 | D:3      | Found a sacrificial altar of Ru.
  4084 | D:4      | Reached XP level 7. HP: 43/43 MP: 8/8
  4115 | D:4      | Found Idadghurikk's Book Shoppe.
  4169 | D:4      | 4169 ||| Stepping ~*~*~tactically~*~*~ (stealth).
  4235 | D:4      | Reached skill level 7 in Axes
  4298 | D:4      | Noticed Blork the orc
  4299 | D:4      | 4299 ||| Stepping ~*~*~tactically~*~*~ (hiding).
  4301 | D:4      | 4301 ||| Stepping ~*~*~tactically~*~*~ (hiding).
  4317 | D:4      | HP: 3/43 [Blork the orc/+0 dire flail (10)]
  4318 | D:4      | 4318 ||| INVOKING Fiery Armour.
  4319 | D:4      | Killed Blork the orc
  4494 | D:4      | 4494 ||| INVOKING Fiery Armour.
  4506 | D:4      | Reached skill level 1 in Throwing
  4557 | D:4      | 4557 ||| SWAPPING to +1 heavy hand axe.
  5047 | D:4      | Reached skill level 3 in Armour
  5109 | D:4      | 5109 ||| UPGRADING to +4 ring of slaying {mikee}.
  5110 | D:4      | 5110 ||| READING scroll labelled LOWUSH BOB CAQ.
  5142 | D:4      | 5142 ||| READING scroll labelled CAKEUN ONA.
  5143 | D:4      | 5143 ||| READING scroll labelled XOTWEORIPNO.
  5144 | D:4      | 5144 ||| READING 3 scrolls of identify.
  5144 | D:4      | 5144 ||| IDENTIFYING ruby potion
  5145 | D:4      | 5145 ||| READING 2 scrolls of identify.
  5145 | D:4      | 5145 ||| IDENTIFYING green potion
  5146 | D:4      | 5146 ||| DROPPING potion of berserk rage.
  5148 | D:5      | Entered Level 5 of the Dungeon
  5210 | D:5      | 5210 ||| Stepping ~*~*~tactically~*~*~ (hiding).
  5219 | D:5      | Reached XP level 8. HP: 49/49 MP: 9/9
  5221 | D:5      | 5221 ||| Stepping ~*~*~tactically~*~*~ (hiding).
  5301 | D:5      | Noticed a wyvern
  5302 | D:5      | 5302 ||| Stepping ~*~*~tactically~*~*~ (stealth).
  5303 | D:5      | 5303 ||| Stepping ~*~*~tactically~*~*~ (stealth).
  5459 | D:5      | 5459 ||| INVOKING Fiery Armour.
  5465 | D:5      | Reached skill level 8 in Axes
  5471 | D:5      | 5471 ||| SWAPPING to +0 war axe.
  5472 | D:5      | 5472 ||| DROPPING +2 heavy hand axe.
  5557 | D:5      | 5557 ||| Stepping ~*~*~tactically~*~*~ (hiding).
  5568 | D:5      | Reached skill level 6 in Fighting
  5922 | D:5      | 5922 ||| UPGRADING to +0 pair of gloves.
  5927 | D:5      | 5927 ||| READING scroll labelled WANORPH ZYLE.
  6028 | D:5      | 6028 ||| READING 2 scrolls of identify.
  6028 | D:5      | 6028 ||| IDENTIFYING pink potion
  6029 | D:5      | 6029 ||| DROPPING potion of lignification.
  6045 | D:6      | 6045 ||| STAIRDANCE
  6072 | D:6      | 6072 ||| Stepping ~*~*~tactically~*~*~ (stealth).
  6090 | D:6      | 6090 ||| INVOKING Fiery Armour.
  6099 | D:6      | Reached skill level 9 in Axes
  6099 | D:6      | Reached XP level 9. HP: 18/55 MP: 10/10
  6293 | D:6      | Reached skill level 1 in Dodging
  6451 | D:6      | 6451 ||| Stepping ~*~*~tactically~*~*~ (stealth).
  7003 | D:6      | Found Canude's Weapon Shop.
  7027 | D:6      | 7027 ||| UPGRADING to +0 cloak.
  7032 | D:6      | 7032 ||| DROPPING ring of protection from cold.
  7033 | D:6      | 7033 ||| READING scroll labelled JIROGO POOWES.
  7034 | D:6      | 7034 ||| READING scroll labelled JEGURI OLABAVIAH.
  7127 | D:7      | Found a staircase to the Ecumenical Temple.
  7130 | D:7      | 7130 ||| Stepping ~*~*~tactically~*~*~ (hiding).
  7349 | D:7      | 7349 ||| Stepping ~*~*~tactically~*~*~ (stealth).
  7352 | D:7      | Noticed a troll
  7362 | D:7      | Killed a troll
  7441 | D:7      | 7441 ||| Stepping ~*~*~tactically~*~*~ (hiding).
  7451 | D:7      | Reached skill level 10 in Axes
  7505 | D:7      | 7505 ||| Stepping ~*~*~tactically~*~*~ (hiding).
  7533 | D:7      | 7533 ||| Stepping ~*~*~tactically~*~*~ (stealth).
  7564 | D:7      | Noticed a troll
  7573 | D:7      | Killed a troll
  7631 | D:7      | Found a hide-covered altar of Uskayaw.
  7631 | D:7      | Found an ornate altar of the Wu Jian Council.
  7723 | D:7      | 7723 ||| Stepping ~*~*~tactically~*~*~ (hiding).
  7725 | D:7      | 7725 ||| Stepping ~*~*~tactically~*~*~ (hiding).
  7726 | D:7      | 7726 ||| Stepping ~*~*~tactically~*~*~ (hiding).
  7859 | D:7      | Found Ishrib's Book Boutique.
  8129 | D:7      | Reached XP level 10. HP: 56/64 MP: 11/11
  8241 | D:7      | 8241 ||| UPGRADING to +0 kite shield.
  8246 | D:7      | 8246 ||| DROPPING +2 robe of fire resistance.
  8247 | D:7      | 8247 ||| UPGRADING to +0 chain mail.
  8257 | D:7      | 8257 ||| DROPPING +0 scale mail.
  8258 | D:7      | 8258 ||| READING 2 scrolls of identify.
  8258 | D:7      | 8258 ||| IDENTIFYING glowing ruby potion
  8282 | D:8      | Noticed Maurice
  8294 | D:8      | 8294 ||| DRINKING potion of curing.
  8294 | D:8      | 8294 ||| (to cure confusion)
  8300 | D:8      | Killed Maurice
  8301 | D:8      | Reached skill level 3 in Shields
  8501 | D:8      | Noticed Prince Ribbit
  8507 | D:8      | Killed Prince Ribbit
  8972 | D:8      | Found a corrupted altar of Lugonu.
  9022 | D:8      | Found a one-way gate to the infinite horrors of the Abyss.
  9068 | D:8      | Noticed Grum
  9069 | D:8      | 9069 ||| Stepping ~*~*~tactically~*~*~ (hiding).
  9089 | D:8      | Killed Grum
  9090 | D:8      | Reached skill level 6 in Shields
  9093 | D:8      | HP: 16/64 [wolf[Grum] (4)]
  9094 | D:8      | 9094 ||| READING 5 scrolls of teleportation.
  9328 | D:8      | 9328 ||| PLANNING TEMPLE
  9328 | D:8      | 9328 ||| DRINKING 3 amethyst potions.
  9392 | Temple   | Entered the Ecumenical Temple
  9405 | Temple   | 9405 ||| PLANNING OKAWARU WORSHIP
  9569 | Temple   | Fell from the grace of Ignis
  9569 | Temple   | Became a worshipper of Warmaster Okawaru
  9570 | Temple   | 9570 ||| PLANNING D:1-11
  9609 | D:9      | Found Daafump's Distillery.
  9612 | D:9      | 9612 ||| BUYING 2 potions of curing (78 gold).
  9612 | D:9      | Bought 2 potions of curing for 78 gold pieces
  9612 | D:9      | 9612 ||| BUYING 2 potions of heal wounds (130 gold).
  9612 | D:9      | Bought 2 potions of heal wounds for 130 gold pieces
  9612 | D:9      | 9612 ||| BUYING potion of curing (39 gold).
  9612 | D:9      | Bought a potion of curing for 39 gold pieces
  9612 | D:9      | 9612 ||| BUYING potion of curing (39 gold).
  9612 | D:9      | Bought a potion of curing for 39 gold pieces
  9612 | D:9      | 9612 ||| BUYING potion of curing (39 gold).
  9612 | D:9      | Bought a potion of curing for 39 gold pieces
  9612 | D:9      | 9612 ||| BUYING potion of heal wounds (65 gold).
  9612 | D:9      | Bought a potion of heal wounds for 65 gold pieces
  9612 | D:9      | 9612 ||| SHOPLISTING potion of resistance (130 gold, have
                  | 79).
  9613 | D:9      | Identified the +6 quarterstaff of the Thieving Oracle
                  | {venom, rElec rC+++ Str+2 Stlth+}
  9741 | D:9      | 9741 ||| Stepping ~*~*~tactically~*~*~ (hiding).
  9777 | D:9      | 9777 ||| Stepping ~*~*~tactically~*~*~ (stealth).
  9816 | D:9      | 9816 ||| Stepping ~*~*~tactically~*~*~ (hiding).
  9975 | D:9      | 9975 ||| Stepping ~*~*~tactically~*~*~ (stealth).
  9995 | D:9      | Reached * piety under Okawaru
 10000 | D:9      | Reached skill level 1 in Invocations
 10004 | D:9      | 10004 ||| Stepping ~*~*~tactically~*~*~ (stealth).
 10005 | D:9      | 10005 ||| Stepping ~*~*~tactically~*~*~ (stealth).
 10127 | D:9      | Found a staircase to the Lair.
 10133 | D:9      | 10133 ||| Stepping ~*~*~tactically~*~*~ (hiding).
 10134 | D:9      | 10134 ||| Stepping ~*~*~tactically~*~*~ (hiding).
 10139 | D:9      | 10139 ||| INVOKING Heroism.
 10263 | D:9      | 10263 ||| INVOKING Heroism.
 10282 | D:9      | 10282 ||| INVOKING Heroism.
 10553 | D:9      | 10553 ||| DRINKING 7 potions of curing.
 10553 | D:9      | 10553 ||| (to cure confusion)
 10558 | D:9      | 10558 ||| INVOKING Heroism.
 10676 | D:9      | HP: 14/64 [fire elemental[the fiery vengeance of Ignis]
                  | (8)]
 10676 | D:9      | HP: 3/64 [fire elemental[the fiery vengeance of Ignis]
                  | (11)]
 10676 | D:9      | Killed from afar by an orc priest

Levels and vault maps discovered:
D:1:      minmay_arrival_shattered_statue, layout_basic, chequers_jeans,
          grunt_decor_clamped, minmay_misc_feat_five, nicolae_eternal_life,
          hangedman_decor_growths
D:2:      minmay_diamond_boxcup, layout_basic, nicolae_half_adder
D:3:      layout_rooms, hangedman_ru_absence, shapermc_ecumenical_altar_gd,
          uniq_grinder
D:4:      layout_layer_cave, serial_shops, kennysheep_mini, uniq_blork_the_orc
D:5:      layout_gridville
D:6:      layout_loops_ring, serial_shops, nicolae_shop_trees,
          minmay_misc_feat_doors
D:7:      layout_basic, jmf_multi_god_temple, minmay_temple_entry_large_hall,
          serial_shops, nicolae_inconvenience_store
D:8:      layout_gridville, amcnicky_altar_lugonu_corruption, uniq_grum,
          uniq_prince_ribbit1, uniq_maurice
D:9:      layout_loops_ring, dpeg_oklobed_lair, erik_orc_1, serial_shops, shop,
          ebering_ghost_gozag
Temple:   nicolae_temple_bog_church

Skill      XL: |  1  2  3  4  5  6  7  8  9 10 |
---------------+-------------------------------+-----
Axes           | 3 4 5 6 7 9 10 | 10.3
Armour         | 1 2 3 5 |  5.0
Fighting       | 4 5 6 8 |  8.1
Throwing       | 1 |  1.0
Dodging        | 1 |  1.1
Shields        | 8 |  8.6
Invocations    | 2 |  2.0
Spellcasting   | |  1.0
Fire Magic     | |  3.0

Action                     |  1- 3 |  4- 6 |  7- 9 | 10-12 || total
---------------------------+-------+-------+-------+-------++-------
  Melee: Hand axe          |   140 |   208 |    99 |       ||   447
         Punch             |     1 |     1 |     3 |       ||     5
         War axe           |       |       |   145 |   197 ||   342
  Throw: Boomerang         |       |    51 |    84 |    51 ||   186
 Invoke: Fiery Armour      |     2 |     6 |     4 |       ||    12
         Heroism           |       |       |       |     4 ||     4
    Use: Scroll            |     3 |     3 |     9 |     2 ||    17
         Potion            |       |     1 |       |     3 ||     4
 Armour: Robe              |    26 |       |       |       ||    26
         Leather armour    |    22 |    55 |       |       ||    77
         Ring mail         |       |    44 |       |       ||    44
         Scale mail        |       |     1 |   136 |       ||   137
         Chain mail        |       |       |       |   107 ||   107
  Dodge: Dodged            |    94 |   159 |   116 |    76 ||   445
  Block: Kite shield       |       |       |       |    82 ||    82

Table legend:
 A = Non-vault XP
 B = Vault XP
 C = Vault XP percentage of total XP
 D = Non-vault monster count
 E = Vault monster count
 F = Vault count percentage of total count
                 A         B        C        D         E       F
            +---------+---------+-------+---------+---------+-------
      Total |    6550 |    2085 |  24.1 |     214 |      31 |  12.7
            +---------+---------+-------+---------+---------+-------
        D:1 |      63 |       0 |   0.0 |      34 |       0 |   0.0
        D:2 |      63 |      59 |  48.4 |      17 |      12 |  41.4
        D:3 |     146 |     272 |  65.1 |      25 |       1 |   3.8
        D:4 |     491 |      99 |  16.8 |      21 |       1 |   4.5
        D:5 |     829 |       0 |   0.0 |      22 |       0 |   0.0
        D:6 |    1057 |       0 |   0.0 |      18 |       0 |   0.0
        D:7 |    1255 |     364 |  22.5 |      30 |       2 |   6.2
        D:8 |     750 |    1046 |  58.2 |      29 |       4 |  12.1
        D:9 |    1896 |     245 |  11.4 |      18 |      11 |  37.9
            +---------+---------+-------+---------+---------+-------
